 Dungeon Crawl Stone Soup version 0.27.1-33-g824d729ab1 (webtiles) character file.

Game seed: 9335810527931203043

720 sking99 the Chopper (level 7, -8/66 HPs)
             Began as a Deep Dwarf Fighter on Dec 8, 2021.
             Killed by divine providence
             ... invoked by an orc priest
              (13 damage)
             ... on level 6 of the Dungeon.
             The game lasted 00:06:59 (3438 turns).

sking99 the Chopper (Deep Dwarf Fighter)            Turns: 3438, Time: 00:07:00

Health: -8/66      AC: 12    Str: 22    XL:     7   Next: 42%
Magic:  6/6        EV:  4    Int:  8    God:
Gold:   177        SH: 10    Dex: 12    Spells: 6/6 levels left

rFire    . . .     SeeInvis .   a - +1 war axe
rCold    + . .     Faith    .   c - +0 kite shield
rNeg     . . .     Spirit   .   h - +0 plate armour
rPois    .         Reflect  .   (no helmet)
rElec    .         Harm     .   f - +0 cloak
rCorr    .         Rampage  .   (no gloves)
Will     +....                  (no boots)
Stlth    ..........             (no amulet)
HPRegen  0.00/turn              l - ring of protection from cold
MPRegen  0.10/turn              (no ring)

@: studying Conjurations
A: damage resistance, heal wounds, sense surroundings 1, no regeneration
a: Heal Wounds


You were on level 6 of the Dungeon.
You visited 1 branch of the dungeon, and saw 6 of its levels.

You collected 177 gold pieces.

Inventory:

Hand Weapons
 a - a +1 war axe (weapon)
Armour
 c - a +0 kite shield (worn)
 f - a +0 cloak (worn)
 h - a +0 plate armour (worn)
Jewellery
 b - an amulet of guardian spirit
 l - a ring of protection from cold (left hand)
Wands
 e - a wand of flame (7)
 j - a wand of acid (7)
Scrolls
 d - 2 scrolls of teleportation {unknown}
Potions
 g - a potion of brilliance {unknown}
 i - a potion of magic
 k - 2 potions of lignification
 m - a potion of curing
 n - a potion of haste {unknown}


   Skills:
 + Level 4.5 Fighting
 * Level 6.7 Axes
 - Level 3.4 Armour
 + Level 5.5 Shields


You had 6 spell levels left.
You didn't know any spells.
Your spell library contained the following spells:

 Spells                   Type           Power      Damage    Failure   Level
 Foxfire                  Conj/Fire      0%         2x1d4     100%        1


Dungeon Overview and Level Annotations

Branches:
Dungeon (6/15)
 Temple: D:4-7

Altars:
Nemelex Xobeh


Innate Abilities, Weirdness & Mutations

You are resistant to damage.
You can heal yourself by infusing magical energy.
You passively map a small area around you.
You do not regenerate.


Message History

Found 14 arrows.
There is a stone staircase leading up here.
Found a chain mail.
You see here a +0 chain mail.
Found 12 stones.
You see here 12 stones.
Found 15 stones.
A gnoll comes into view. It is wielding a +4 flail.
The gnoll shouts!
You hear a shout! x2
The gnoll moves out of view.
The orc warrior shouts!
You slash the gnoll!
The gnoll is heavily wounded.
The gnoll hits you with a +4 flail!
The orc warrior hits you from afar with a +0 glaive!
The gnoll hits you but does no damage.
You barely miss the gnoll.
The gnoll is heavily wounded.
The orc warrior hits you from afar with a +0 glaive.
You block the gnoll's attack.
You hit the gnoll.
The gnoll is severely wounded.
You block the orc warrior's attack. You block the gnoll's attack.
The orc warrior hits you from afar with a +0 glaive.
You barely miss the gnoll.
The gnoll is severely wounded.
You block the gnoll's attack.
The orc warrior hits you from afar with a +0 glaive!
* * * LOW HITPOINT WARNING * * *
The gnoll barely misses you.
You slash the gnoll!
You kill the gnoll!
The orc warrior hits you from afar with a +0 glaive!
* * * LOW HITPOINT WARNING * * *
An orc wizard comes into view. It is wielding a +0 dagger.
The orc wizard shouts!
The orc wizard moves out of view.
The orc priest invokes the aid of Beogh against you.
Beogh smites you!
You die...

.....#..#####.#
...........##.##
...(...o.g.....#
.....#.####.#o##
.......... ,*#.#)#
.......#.#,*#.#o#
....o...#.##.#.#
###..o.##.#.##o#.##
.....!..........@.#
.........?......(.#
............##.#.##
.###o.............#
..........####.#.##
.........## #.#.#
.......#.# #,#.#
.<.......# ,#.#
.#######.# #.#


You could see an orc warrior, an orc priest and an orc wizard.

Vanquished Creatures
  A water moccasin (D:5)
  Duvessa (D:5)
  A scorpion (D:4)
  Dowan (D:5)
  2 bullfrog zombies
  2 hounds (D:4)
  2 jellies
  2 orc wizards (D:4)
  An iguana (D:5)
  4 gnolls
  3 adders
  An ufetubus (D:5)
  An adder skeleton (D:4)
  A worm (D:2)
  8 orcs
  4 endoplasms
  4 giant cockroaches
  8 goblins
  2 hobgoblins
  6 jackals
  5 quokkas
  9 ball pythons
  3 frilled lizards
  3 kobolds
  9 rats
84 creatures vanquished.

Vanquished Creatures (others)
  A fungus (D:2)
1 creature vanquished.

Grand Total: 85 creatures vanquished

Notes
Turn   | Place    | Note
-------+----------+-------------------------------------------
     0 | D:1      | sking99 the Deep Dwarf Fighter began the quest for the Orb.
     0 | D:1      | Reached XP level 1. HP: 20/20 MP: 1/1
   142 | D:1      | Reached XP level 2. HP: 16/27 MP: 2/2
   440 | D:2      | Reached skill level 3 in Axes
   507 | D:2      | Reached XP level 3. HP: 30/34 MP: 2/2
   655 | D:2      | Found a faded altar of an unknown god.
   658 | D:2      | Got Plato's Compendium of Flames
  1285 | D:3      | Reached XP level 4. HP: 35/42 MP: 3/3
  1532 | D:3      | Reached skill level 4 in Axes
  1777 | D:4      | Reached XP level 5. HP: 35/49 MP: 4/4
  1787 | D:4      | Identified a scroll of acquirement
  1787 | D:4      | Acquired an amulet of guardian spirit
  2178 | D:4      | Reached skill level 5 in Axes
  2214 | D:4      | Reached XP level 6. HP: 24/57 MP: 5/5
  2493 | D:5      | Entered Level 5 of the Dungeon
  2567 | D:5      | Noticed a water moccasin
  2625 | D:5      | Found a sparkling altar of Nemelex Xobeh.
  2665 | D:5      | Noticed Dowan
  2707 | D:5      | Killed Dowan
  2837 | D:5      | Noticed Duvessa
  2847 | D:5      | Killed Duvessa
  2848 | D:5      | Reached skill level 6 in Axes
  2848 | D:5      | Reached skill level 5 in Shields
  2914 | D:5      | Killed a water moccasin
  2915 | D:5      | Reached XP level 7. HP: 51/66 MP: 6/6
  3438 | D:6      | Killed from afar by an orc priest

Illustrated notes

Levels and vault maps discovered:
D:1:      heliophobic_arrival_ceremonial_halls, layout_basic, serial_glass,
          glass_columns_c, glass_columns_c, glass_columns_b, glass_columns_a,
          glass_columns_b, glass_columns_a, glass_columns_b, glass_columns_b,
          glass_columns_c, glass_columns_a, minmay_heptomino_d4
D:2:      layout_rooms, shapermc_ecumenical_altar_rom_forum
D:3:      layout_basic, minmay_misc_feat_tiny
D:4:      layout_basic
D:5:      layout_loops_ring, overflow_temple_1_default, uniq_duvessa
D:6:      layout_basic, minmay_temple_entry_hall

Skill      XL: |  1  2  3  4  5  6 |
---------------+-------------------+-----
Axes           | 3 4 5 6 |  6.7
Fighting       | 3 4 |  4.5
Shields        | 4 5 |  5.5
Armour         | |  3.4

Action                   |  1- 3 |  4- 6 |  7- 9 || total
-------------------------+-------+-------+-------++-------
Melee: War axe           |   138 |   123 |    25 ||   286
 Abil: Heal Wounds       |     2 |     3 |       ||     5
  Use: Scroll            |       |     9 |       ||     9
       Potion            |       |     1 |       ||     1
Armor: Scale mail        |    14 |       |       ||    14
       Plate armour      |    70 |    78 |    16 ||   164
Dodge: Dodged            |    27 |    25 |     7 ||    59
Block: Kite shield       |    74 |    76 |    15 ||   165
